spryhack, chaotic female elven Ranger ------- |.....| |.....| |(....| |...<.| ---.--- # # # # # -|-+- |...-#########d@Y## |...| |...| |.... ----- spryhack the Trailblazer Experience level: 7 Strength: 15 Dexterity: 14 Constitution: 16 Intelligence: 14 Wisdom: 13 Charisma: 9 Health: 0(46) Energy: 33(33) Def: 9 Gold: 1188 Moves: 5589 Dungeon seed: lfs5elKD0lGGdfKg Game ID: spryhack_1481317145 Your Inventory: Coins $ - 1188 gold pieces Weapons a - an uncursed +1 elven dagger (weapon in hand) b - an uncursed +1 elven bow (alternate weapon; not wielded) c - 55 uncursed +2 elven arrows d - 35 blessed +0 elven arrows g - 10 uncursed +0 arrows o - an uncursed +0 elven dagger named +0 p - 7 uncursed +0 daggers (in quiver) K - an uncursed +1 dagger named +1 Armor e - an uncursed +2 elven cloak (being worn) r - an uncursed +0 studded leather armor (being worn) y - an uncursed +0 pair of high boots (being worn) Y - an uncursed +0 orcish helm (being worn) Comestibles f - 4 uncursed lembas wafers i - an uncursed egg C - an uncursed food ration D - a cursed fortune cookie E - an uncursed carrot U - an uncursed partly eaten food ration W - an uncursed tin of spinach Wands s - a cursed wand of locking (0:5) O - an uncursed wand of teleportation (0:0) Z - an uncursed wand of magic missile (0:3) Tools h - an uncursed can of grease (0:18) k - an uncursed skeleton key w - an uncursed magic whistle J - a cursed magic lamp (lit) T - an uncursed tallow candle (0:200) V - a cursed tallow candle (0:200) Spells and supernatural/magical abilities: Name Level Category Fail Memory W - pray for help -- divine ? -- Your skills at the end: Fighting Skills Weapon Skills dagger [Basic] bow [Basic] Spellcasting Skills Final Attributes: You were piously aligned. You were sleep resistant. You had automatic searching. You had infravision. You were stealthy. You were held by an owlbear. You were lucky. You are dead. Vanquished creatures: a ghost a dwarf mummy a blue jelly a wood nymph 2 rock piercers a pony a shrieker 8 gnome lords 2 gnomish wizards a kobold mummy a golden naga hatchling a giant ant a little dog a floating eye 6 dwarves a kobold lord a kobold shaman 8 hill orcs a giant bat a monkey 3 dwarf zombies a wererat a werejackal 5 iguanas 12 killer bees 4 acid blobs a coyote a gas spore 2 hobbits a large kobold a hobgoblin 5 giant rats a cave spider a brown mold 5 yellow molds a green mold a red mold 21 gnomes 2 garter snakes a gnome zombie 2 geckos 5 jackals a fox 2 kobolds 4 goblins 2 sewer rats 6 grid bugs 2 lichens 2 kobold zombies 8 newts 145 creatures vanquished. Voluntary challenges: You had been an atheist until turn 3690. You used a wielded weapon 231 times, starting on turn 1. You read items or engraved 3 times, starting on turn 3225. You never genocided any monsters. You never polymorphed an object. You never changed form. You used no wishes. You never split a pudding. You wrote Elbereth's name 2 times, starting on turn 3225. You never violated your personal moral code. Dungeon overview: The Dungeons of Doom: levels 1 to 7 Level 1 a long staircase Level 2 stairs to The Gnomish Mines Level 3 Level 4 an altar to Mars Level 5 a general store Level 6 Level 7 (stash) <- You were here The Gnomish Mines: levels 3 to 5 Level 3 stairs to The Dungeons of Doom Level 4 Level 5 many shops, a temple to Mercury, some fountains History has recorded: On T:1 you entered the Dungeons of Doom to retrieve the Amulet of Yendor! On T:240 you reached level 2 of The Dungeons of Doom. On T:309 you advanced to experience level 2. On T:489 you reached level 1 of The Gnomish Mines. On T:520 you advanced to experience level 3. On T:984 you reached level 3 of The Dungeons of Doom. On T:1100 you advanced to experience level 4. On T:1249 you reached level 2 of The Gnomish Mines. On T:2151 you advanced to experience level 5. On T:2661 you reached level 3 of The Gnomish Mines. On T:3237 you advanced to experience level 6. On T:4266 you advanced to experience level 7. On T:4981 you reached level 4 of The Dungeons of Doom. On T:5037 you reached level 5 of The Dungeons of Doom. On T:5362 you reached level 6 of The Dungeons of Doom. On T:5544 you reached level 7 of The Dungeons of Doom. Score breakdown: Gold: 1188 (10460 points) Experience: 7 levels (13645 points) Exploration: 7 levels ( 14.29%) (10606 points) Discoveries: 9 items ( 3.10%) ( 5284 points) Valuables value: (no points given unless you survive) Artifact value: 0 ( 0 points) Variety of kills: 50 monsters ( 13.12%) (10867 points) Turncount: 5589 turns (-1519 points) Survival: died (score multiplied by 80%) Total score: 39474 Latest messages: You put an uncursed scroll labeled LEP GEX VEN ZEA into the chest. You put a cursed scroll labeled HACKEM MUCHE into the chest. You put a scroll labeled ELBIB YLOH into the chest. You put an uncursed black potion into the chest. $ - 139 gold pieces. This door is locked. That door is closed. (3x) You succeed in unlocking the door. The door opens. You miss the newt. You kill the newt! The owlbear hits! (2x) The owlbear grabs you! You hit the owlbear. The owlbear hits! (2x) You are being crushed. You hit the owlbear. The owlbear hits! (2x) You are being crushed. You write in the dust with your fingers. The owlbear hits! You die... Final status: Goodbye spryhack the Ranger, killed by an owlbear... You died in The Dungeons of Doom on dungeon level 7 with 39474 points, and 1188 pieces of gold, after 5589 moves. You were level 7 with a maximum of 46 hit points when you died.